 Dungeon Crawl Stone Soup version 0.27.0-1-g7a089689b8 (webtiles) character file.

Game seed: 8127611387406971222

63 kukildenkimon the Sneak (level 4, -4/28 HPs)
             Began as an Octopode Arcane Marksman on Aug 15, 2021.
             Slain by a sky beast (5 damage)
             ... on level 5 of the Dungeon.
             The game lasted 00:11:01 (655 turns).

kukildenkimon the Sneak (Octopode Arcane Marksman)   Turns: 655, Time: 00:11:02

Health: -4/28      AC:  1    Str: 10    XL:     4   Next: 9%
Magic:  5/5        EV: 13    Int: 15    God:
Gold:   26         SH:  0    Dex: 12    Spells: 5/5 levels left

rFire    . . .     SeeInvis .   w - +0 dagger
rCold    . . .     Faith    .   (no shield)
rNeg     . . .     Spirit   .   (helmet restricted)
rPois    .         Reflect  .   (no amulet)
rElec    .         Harm     .   (no ring)
rCorr    .         Rampage  .   (no ring)
Will     .....                  (no ring)
Stlth    +++.......             (no ring)
HPRegen  0.09/turn              (no ring)
MPRegen  0.09/turn              (no ring)
                                (no ring)
                                (no ring)

@: no status effects
A: almost no armour, amphibious, 8 rings, camouflage 1, gelatinous body 1,
(nimble swimmer 1), tentacles
a: no special abilities


You were on level 5 of the Dungeon.
You visited 1 branch of the dungeon, and saw 5 of its levels.

You collected 26 gold pieces.

Inventory:

Hand Weapons
 a - a +0 hand crossbow
 b - a +0 club
 d - a +0 flail
 f - a +0 flail
 g - a +0 mace
 i - a +0 hunting sling
 l - a +0 dagger
 w - a +0 dagger (weapon)
Missiles
 c - 15 bolts
 e - 8 curare-tipped darts
 j - 19 stones (quivered)
Armour
 h - a +0 leather armour
Scrolls
 k - a scroll of enchant armour


   Skills:
 - Level 1.0 Fighting
 - Level 2.0 Crossbows
 + Level 2.9 Dodging
 * Level 4.2 Stealth
 - Level 1.0 Spellcasting
 - Level 3.0 Hexes


You had 5 spell levels left.
You didn't know any spells.
Your spell library contained the following spells:

 Spells                   Type           Power      Damage    Failure   Level
 Corona                   Hex            10%        N/A       7%          1
 Slow                     Hex            9%         N/A       11%         2
 Inner Flame              Hex/Fire       5%         N/A       36%         3
 Portal Projectile        Hex/Tloc       10%        N/A       36%         3
 Cause Fear               Hex            4%         N/A       56%         4


Dungeon Overview and Level Annotations

Branches:
Dungeon (5/15)
 Temple: D:4-7

Altars:

Annotations:
D:4 exclusion: downstairs


Innate Abilities, Weirdness & Mutations

You cannot wear most types of armour.
You are amphibious.
You can wear up to eight rings at the same time.
Your skin changes colour to match your surroundings (Stealth+).
Your rubbery body absorbs attacks. (AC +1, EV +1)
((You are camouflaged near water. (Stealth+)))
You have tentacles for arms and can constrict up to eight enemies at once.


Message History

w - a +0 dagger (weapon)
The adder bites you.
You closely miss the adder. You grab the adder.
The adder is lightly wounded.
You constrict the adder. The adder barely misses you.
You hit the adder.
You squeeze the adder, but do no damage.
The adder is heavily wounded.
You constrict the adder. The adder barely misses you.
You hit the adder. You squeeze the adder.
You kill the adder!
You have reached level 4!
You see here an adder corpse.
c - 14 bolts (gained 1)
c - 15 bolts (gained 1)
You see here an adder corpse.
You open the door.
There is an open door here.
You start resting.
HP restored.
You now have 26 gold pieces (gained 13).
A sky beast comes into view.
The helpless sky beast fails to defend itself.
You puncture the sky beast! Your squeeze misses the sky beast.
The sky beast is moderately wounded.
The sky beast flickers out of sight!
Deactivating autopickup; reactivate with Ctrl-A.
Something hits you. Something shocks you.
You hit something. Something hits you. Something shocks you.
You hit something but do no damage. Something hits you.
* * * LOW HITPOINT WARNING * * *
Something shocks you.
* * * LOW HITPOINT WARNING * * *
You miss something. Your squeeze misses something. Something barely misses you.
You aren't carrying any potions.
Okay, then.
You barely miss something. Something hits you.
* * * LOW HITPOINT WARNING * * *
Something shocks you.
You die...

#.# #<# ###
########
#..{@..#
#.####.# #.# #.#
#.##############
#...............
################


There were no monsters in sight!

Vanquished Creatures
  A hound skeleton (D:4)
  A gnoll (D:1)
  2 adders
  A worm (D:3)
  A dart slug (D:4)
  A bat (D:3)
  An endoplasm (D:1)
  A giant cockroach (D:1)
  A hobgoblin (D:4)
  A jackal (D:4)
  2 kobolds
  2 quokkas
  2 ball pythons
  A goblin (D:2)
  A rat (D:2)
19 creatures vanquished.

Notes
Turn   | Place    | Note
-------+----------+-------------------------------------------
     0 | D:1      | kukildenkimon the Octopode Arcane Marksman began the quest
                  | for the Orb.
     0 | D:1      | Reached XP level 1. HP: 13/13 MP: 2/2
    14 | D:1      | Reached skill level 2 in Stealth
    14 | D:1      | Reached XP level 2. HP: 18/18 MP: 3/3
   139 | D:3      | Reached skill level 3 in Stealth
   218 | D:4      | Reached XP level 3. HP: 23/23 MP: 4/4
   245 | D:5      | Entered Level 5 of the Dungeon
   247 | D:5      | Noticed an ogre
   380 | D:4      | Reached skill level 4 in Stealth
   496 | D:5      | Reached XP level 4. HP: 23/28 MP: 5/5
   648 | D:5      | Noticed a sky beast
   655 | D:5      | HP: 1/28 [something (2)]
   655 | D:5      | Slain by a sky beast

Illustrated notes

Levels and vault maps discovered:
D:1:      saegor_arrival_simple_e, layout_basic,
          shapermc_ecumenical_altar_mp_urbaneastern, serial_shops,
          nicolae_square_shop
D:2:      layout_basic
D:3:      layout_basic
D:4:      layout_loops_ring, dk_noncrumbling_2
D:5:      layout_basic, minmay_temple_entry_stoned_glass

Skill      XL: |  1  2  3 |
---------------+----------+-----
Stealth        | 2 3 4 |  4.2
Fighting       | |  1.0
Crossbows      | |  2.0
Dodging        | |  2.9
Spellcasting   | |  1.0
Hexes          | |  3.0

Action                   |  1- 3 |  4- 6 || total
-------------------------+-------+-------++-------
Melee: Mace              |     4 |       ||     4
       Dagger            |    12 |     5 ||    17
       Tentacles         |     6 |       ||     6
       Constrict         |     4 |       ||     4
 Fire: Hand crossbow     |    36 |       ||    36
  Use: Scroll            |     2 |       ||     2
 Stab: Sleeping          |       |     1 ||     1
Dodge: Dodged            |    19 |     1 ||    20
